 Dungeon Crawl Stone Soup version 0.23.1 (webtiles) character file.

Game seed: 6778408455982394622

2538 Borgoz the Ducker (level 9, -4/74 HPs)
             Began as a Ghoul Monk on Mar 18, 2019.
             Slain by a two-headed ogre
             ... wielding a +0 giant spiked club
              (8 damage)
             ... on level 8 of the Dungeon.
             The game lasted 00:14:46 (6420 turns).

Borgoz the Ducker (Ghoul Monk)                      Turns: 6420, Time: 00:14:46

Health: -4/74      AC:  7    Str: 15    XL:     9   Next: 55%
Magic:  12/12      EV: 13    Int:  5    God:
Gold:   432        SH:  0    Dex: 14    Spells: 13/14 levels left

rFire    . . .     SeeInvis .   b - +1 short sword (drain)
rCold    + . .     Gourm    .   (no shield)
rNeg     + + +     Faith    .   w - +0 ring mail (curse)
rPois    ∞         Spirit   .   p - +0 helmet
rElec    .         Reflect  .   (no cloak)
rCorr    .         Harm     .   (no gloves)
MR       .....                  (no boots)
Stlth    ++........             n - amulet of regeneration
HPRegen  0.00/turn              (no ring)
MPRegen  0.13/turn              (no ring)

@: marked, rotting
A: rotting body, claws 1, carnivore, cold resistance 1, negative energy
resistance 3, inhibited regeneration, torment resistance, unbreathing
a: no special abilities


You were on level 8 of the Dungeon.
You were not hungry.

You visited 1 branch of the dungeon, and saw 8 of its levels.

You collected 432 gold pieces.

Inventory:

Hand Weapons
 a - a +1 dagger of electrocution
 b - a +1 short sword of draining (weapon)
Missiles
 d - 2 steel javelins
 l - 15 tomahawks (quivered)
Armour
 p - a +0 helmet (worn)
 w - a cursed +0 ring mail (worn)
Jewellery
 n - an amulet of regeneration (around neck)
Wands
 m - a wand of digging (4)
 r - a wand of disintegration (16)
Scrolls
 f - 3 scrolls of blinking
 g - a scroll of amnesia
 i - a scroll of enchant armour {unknown}
 j - 2 scrolls of teleportation
 k - a scroll of fog
 o - 2 scrolls of identify
 q - 4 scrolls of enchant weapon
 v - a scroll of remove curse
Potions
 u - 2 potions of flight
Comestibles
 c - 10 rations


   Skills:
 + Level 5.2 Fighting
 * Level 5.4 Short Blades
 + Level 2.9 Throwing
 * Level 4.2 Armour
 * Level 5.6 Dodging
 + Level 4.9 Stealth
 * Level 3.0 Spellcasting
 * Level 2.9 Hexes
 + Level 2.1 Evocations


You had 13 spell levels left.
You knew the following spells:

 Your Spells              Type           Power        Failure   Level  Hunger
a - Confusing Touch       Hex            #.....       22%         1    ##.....

Your spell library contained the following spells:

 Spells                   Type           Power        Failure   Level  Hunger
 Animate Skeleton         Necr           N/A          58%         1    ##.....
 Apportation              Tloc           #.....       58%         1    ##.....
 Summon Small Mammal      Summ           #...         58%         1    ##.....


Dungeon Overview and Level Annotations

Branches:
Dungeon (8/15)
 Temple: D:4-7         Lair: D:8-11

Altars:

Shops:
D:4 *

Annotations:
D:7 1 runed translucent door, Aston's ghost, novice DrSk; Harold


Innate Abilities, Weirdness & Mutations

Your body is rotting away.
You thrive on raw meat.
You are immune to poison.
You have sharp fingernails.
You are carnivorous and can eat meat at any time.
Your flesh is cold resistant. (rC+)
You are immune to negative energy. (rN+++)
You do not regenerate when monsters are visible.
You are immune to unholy pain and torment.
You can survive without breathing.


Message History

You assume a fearsome visage.
The hound looks frightened!
The bullfrog looks frightened!
The bullfrog zombie is unaffected.
The hound skeleton is unaffected.
The orc looks frightened!
The two-headed ogre looks frightened!
Cornered, the bullfrog turns to fight!
The orc starts to cry.
A bullfrog comes into view.
A quokka, a hippogriff, a bullfrog, a giant cockroach, a wolf spider and a centaur come into view.
The centaur wields a +3 shortbow.
The centaur shoots an arrow.
The arrow hits you.
* * * LOW HITPOINT WARNING * * *
A quasit comes into view.
A worker ant zombie comes into view.
A hippogriff comes into view.
The hippogriff moves out of view.
You see here an arrow.
Cornered, the hound turns to fight!
The two-headed ogre closely misses you. x2
You hit the two-headed ogre. You drain the two-headed ogre.
Your attack snaps the two-headed ogre out of its fear.
The two-headed ogre is heavily wounded.
The two-headed ogre hits you with a +0 giant spiked club!
You die...

#### ... ..O
#############..#
.....FhF@.#=...#
.##.##c##O#.#..#
#.##.##Z#..#.#..[
#...c.FZo........
#.##Z##.#.^#.#..?
Zrs...#.#..#
F..5.####....#
....Hs ###..#
.... ...


You could see a two-headed ogre, 2 bullfrogs, a centaur, a hound, an orc, a
bullfrog zombie and a hound skeleton.

Vanquished Creatures
  Grinder (D:4)
  2 sky beasts
  3 orc warriors
  2 ice beasts
  A phantom (D:7)
  A necrophage (D:6)
  2 ogres (D:5)
  2 centaurs (D:5)
  A crocodile (D:6)
  Blork the orc (D:6)
  4 howler monkeys
  2 crimson imps
  A centaur zombie (D:5)
  2 jellies (D:5)
  A bullfrog zombie (D:6)
  3 orc priests
  3 hounds
  An iguana (D:7)
  5 orc wizards
  2 worker ants
  2 hound zombies
  A hound skeleton (D:5)
  Robin (D:3)
  7 adders
  2 shadow imps
  An ooze (D:1)
  An adder zombie (D:6)
  3 worms
  A dart slug (D:3)
  A leopard gecko (D:5)
  36 orcs
  9 giant cockroaches
  14 goblins
  10 hobgoblins
  15 jackals
  5 quokkas
  A ball python (D:3)
  12 bats
  6 frilled lizards
  A jackal zombie (D:5)
  7 kobolds
  2 leopard gecko skeletons
  A leopard gecko zombie (D:3)
  A quokka skeleton (D:4)
  9 rats
189 creatures vanquished.

Vanquished Creatures (others)
  A bush (D:5)
1 creature vanquished.

Grand Total: 190 creatures vanquished

Notes
Turn   | Place    | Note
-------+----------+-------------------------------------------
     0 | D:1      | Borgoz the Ghoul Monk began the quest for the Orb.
     0 | D:1      | Reached XP level 1. HP: 19/19 MP: 0/0
   117 | D:1      | Reached XP level 2. HP: 24/26 MP: 1/1
   393 | D:1      | Reached XP level 3. HP: 31/31 MP: 2/2
  1508 | D:2      | Reached XP level 4. HP: 28/39 MP: 3/3
  1983 | D:2      | Reached skill level 1 in Armour
  2249 | D:3      | Noticed Robin
  2514 | D:3      | Reached XP level 5. HP: 45/45 MP: 4/4
  2930 | D:3      | Killed Robin
  3297 | D:4      | Noticed Grinder
  3313 | D:4      | Reached XP level 6. HP: 48/52 MP: 5/5
  3331 | D:4      | Paralysed by Grinder for 6 turns
  3351 | D:4      | Killed Grinder
  3351 | D:4      | Reached skill level 1 in Throwing
  3351 | D:4      | Reached XP level 7. HP: 13/59 MP: 6/6
  4268 | D:4      | Found Pile's Assorted Antiques.
  4292 | D:4      | Learned a level 1 spell: Confusing Touch
  4430 | D:5      | Entered Level 5 of the Dungeon
  4633 | D:6      | Noticed Blork the orc
  4650 | D:6      | Killed Blork the orc
  4650 | D:6      | Reached skill level 1 in Spellcasting
  4650 | D:6      | Reached skill level 1 in Hexes
  4727 | D:6      | Reached XP level 8. HP: 48/67 MP: 8/8
  4869 | D:5      | Reached skill level 1 in Evocations
  5217 | D:5      | Reached skill level 5 in Dodging
  5533 | D:6      | Reached skill level 5 in Short Blades
  5541 | D:6      | HP: 2/67 [something (5)]
  5575 | D:6      | Reached XP level 9. HP: 33/73 MP: 11/11
  5688 | D:6      | Reached skill level 5 in Fighting
  6308 | D:7      | Found a runed translucent door.
  6308 | D:7      | Noticed Aston's ghost (novice DrSk)
  6370 | D:7      | Noticed Harold
  6400 | D:8      | Noticed a two-headed ogre
  6418 | D:8      | Noticed a wolf spider
  6420 | D:8      | Slain by a two-headed ogre

Skill      XL: |  1  2  3  4  5  6  7  8  9 |
---------------+----------------------------+-----
Dodging        | 3 4 5 |  5.6
Short Blades   | 3 4 5 |  5.4
Armour         | 1 2 3 4 |  4.2
Stealth        | 3 4 |  4.9
Fighting       | 4 5 |  5.2
Throwing       | 1 2 |  2.9
Spellcasting   | 1 2 3 |  3.0
Hexes          | 1 2 |  2.9
Evocations     | 1 2 |  2.1

Action                   |  1- 3 |  4- 6 |  7- 9 || total
-------------------------+-------+-------+-------++-------
Melee: Short sword       |   126 |   268 |   476 ||   870
       Dagger            |       |       |    86 ||    86
  Use: Potion            |       |     3 |     1 ||     4
       Scroll            |       |     1 |    11 ||    12
 Stab: Sleeping          |     7 |     1 |     4 ||    12
       Invisible         |       |       |     2 ||     2
  Eat: Chunk             |     4 |    25 |    45 ||    74
       Ration            |       |       |     1 ||     1
Armor: Leather armour    |    45 |     6 |       ||    51
       Ring mail         |       |    65 |   162 ||   227
Dodge: Dodged            |    88 |   152 |   282 ||   522
